 Dungeon Crawl Stone Soup version 0.30-a0-743-gbfdf073431 (webtiles) character file.

Game seed: 18245094022813539219

7 browni3141 the Trooper (level 1, 0/18 HPs)
             Began as a Mummy Cinder Acolyte on Feb 6, 2023.
             Was a High Priest of Ignis.
             Slain by a goblin
             ... wielding a +0 dagger
              (3 damage)
             ... on level 1 of the Dungeon.
             The game lasted 00:00:46 (150 turns).

browni3141 the Trooper (Mummy Cinder Acolyte)        Turns: 150, Time: 00:00:47

Health: 0/18       AC:  2    Str: 17    XL:     1   Next: 91%
Magic:  2/2        EV: 11    Int: 13    God:    Ignis [*****.]
Gold:   0          SH:  0    Dex:  7    Spells: 2/2 levels left

rFire   . . .      SeeInvis .    c - +0 hand axe
rCold   + . .      Faith    +    (no shield)
rNeg    + + +      Spirit   .    b - +0 robe
rPois   ∞          Reflect  .    (no helmet)
rElec   .          Harm     .    (no cloak)
rCorr   .          Rampage  .    (no gloves)
Will    .....                    (no boots)
Stlth   +                        (no amulet)
HPRegen 0.23/turn                (no ring)
MPRegen 0.08/turn                (no ring)

@: no status effects
A: cold resistance 1, negative energy resistance 3, torment resistance 2, heat
vulnerability 1, no potions, faith
a: Renounce Religion, Fiery Armour, Foxfire Swarm, Rising Flame


You were on level 1 of the Dungeon.
You worshipped Ignis.
Ignis was extremely pleased with you.
You visited 1 branch of the dungeon, and saw 1 of its levels.

Inventory:

Hand Weapons
 a - a -1 hand axe of flaming
 c - a +0 hand axe (weapon)
Armour
 b - a +0 robe (worn)
 d - a +0 ring mail


   Skills:
 + Level 3.5 Fighting
 - Level 2.4 Axes
 - Level 1.3 Spellcasting
 - Level 2.4 Fire Magic


You had 2 spell levels left.
You didn't know any spells.
Your spell library contained the following spells:

 Spells                   Type           Power      Damage    Failure   Level
 Scorch                   Fire           14%        2d5       16%         2


Dungeon Overview and Level Annotations

Branches:
Dungeon (1/15)

Altars:


Innate Abilities, Weirdness & Mutations

You are immune to poison.
Your flesh is cold resistant. (rC+)
You are immune to negative energy. (rN+++)
You are immune to unholy pain and torment.
You are vulnerable to heat. (rF-)
You do not drink.
You have a special connection with the divine. (Faith)


Message History

There is an open door here.
Found a ring mail.
A frilled lizard comes into view.
A goblin comes into view. It is wielding a +0 dagger.
The goblin shouts!
The frilled lizard hisses angrily.
The goblin moves out of view.
A bat comes into view.
The bat hits you but does no damage.
You hit the bat.
You kill the bat!
You hit the frilled lizard.
You kill the frilled lizard!
No target in view!
Found a scroll labelled KEDWOMALLAFER and a scroll labelled JEHIAWN YJIS.
A kobold comes into view. It is wielding a +0 whip.
You see here a frilled lizard corpse.
You see here a +0 ring mail.
d - a +0 ring mail The goblin barely misses you.
You barely miss the goblin. Your punch misses the goblin.
The goblin hits you with a +0 dagger.
You barely miss the goblin.
The kobold throws a stone.
The stone misses you.
The goblin hits you with a +0 dagger. x2
You closely miss the goblin. You hit the kobold.
The kobold completely misses you. The goblin barely misses you.
You closely miss the kobold. Your punch misses the kobold.
The kobold is severely wounded.
You closely miss the goblin. The kobold hits you but does no damage.
The goblin hits you with a +0 dagger.
You hit the kobold.
You kill the kobold!
You hit the goblin but do no damage. The goblin hits you with a +0 dagger.
You closely miss the goblin. The goblin hits you but does no damage.
You closely miss the goblin.
The goblin hits you with a +0 dagger. x2
* * * LOW HITPOINT WARNING * * *
You are too injured to fight recklessly!
You barely miss the goblin. The goblin hits you with a +0 dagger.
* * * LOW HITPOINT WARNING * * *
You closely miss the goblin. The goblin hits you with a +0 dagger.
You die...

...?... #..# .
....... #..# .#
......? #..# .# ##
....... #..###.# #.
....... #..... #.
.......##.#.###### #.
.................# #.
#......†.g.......# #.
#.......@).......# #.
##.#.##..........# #.
# # ####...##### ##
#...# #...#
#...############
#...##.........#
#######.###..........
..........'(.........


You could see a goblin.

Vanquished Creatures
  2 jackals (D:1)
  A bat (D:1)
  3 frilled lizards (D:1)
  2 kobolds (D:1)
8 creatures vanquished.

Notes
Turn   | Place    | Note
-------+----------+-------------------------------------------
     0 | D:1      | browni3141 the Mummy Cinder Acolyte began the quest for the
                  | Orb.
     0 | D:1      | Reached XP level 1. HP: 18/18 MP: 2/2
   150 | D:1      | Slain by a goblin

Illustrated notes

Levels and vault maps discovered:
D:1:      tarquinn_simple_flora_water_e, layout_basic, minmay_misc_feat_enclosed

Action                     || total
---------------------------++-------
  Melee: Hand axe          ||    21
 Armour: Robe              ||     4
  Dodge: Dodged            ||     8

Table legend: (Time is in decaauts)
 A = Elapsed time spent in this place.
 B = Non-inter-level travel time spent in this place.
 C = Inter-level travel time spent in this place.
 D = Time resting spent in this place.
 E = Time spent auto-exploring this place.
 F = Levels seen in this place.
 G = Mean time per level.
                   A        B        C        D        E       F      G
               +--------+--------+--------+--------+--------+-----+--------+
         Total |    153 |    153 |      0 |      0 |     91 |   1 |  153.0 |
       Dungeon |    153 |    153 |      0 |      0 |     91 |   1 |  153.0 |
               +--------+--------+--------+--------+--------+-----+--------+

Top non-repeatable levels by time:
     D:1: 153 daAuts
